 Dungeon Crawl Stone Soup version 0.27-a0-1084-g78b3836a5f (webtiles) character file.

Game seed: 17419985501849952948

98 voltaire321 the Conjurer (level 4, 0/36 HPs)
             Began as a Draconian Conjurer on Apr 26, 2021.
             Succumbed to an orc's poison
             ... on level 3 of the Dungeon.
             The game lasted 00:07:43 (2854 turns).

voltaire321 the Conjurer (Draconian Conjurer)       Turns: 2854, Time: 00:07:43

Health: 0/36       AC:  5    Str: 10    XL:     4   Next: 43%
Magic:  2/7        EV: 12    Int: 19    God:
Gold:   124        SH:  0    Dex:  9    Spells: 5/8 levels left

rFire    . . .     SeeInvis .   e - +0 dagger
rCold    . . .     Faith    .   (no shield)
rNeg     . . .     Spirit   .   (armour unavailable)
rPois    .         Reflect  .   (helmet restricted)
rElec    .         Harm     .   (no cloak)
rCorr    +         Rampage  .   (no gloves)
Will     .....                  (no boots)
Stlth    ++........             o - amulet of regeneration
HPRegen  1.12/turn              k - ring of resist corrosion
MPRegen  0.10/turn              (no ring)

@: mighty, brilliant, lethally poisoned (0 -> -2), flying
A: AC +5, unfitting armour, cold-blooded
a: no special abilities


You were on level 3 of the Dungeon.
You visited 1 branch of the dungeon, and saw 3 of its levels.

You collected 124 gold pieces.

Inventory:

Hand Weapons
 e - a +0 dagger (weapon)
Missiles
 m - a throwing net
Armour
 d - a +0 buckler
Jewellery
 k - a ring of resist corrosion (left hand)
 o - an amulet of regeneration (around neck)
Scrolls
 b - a scroll of enchant weapon {unknown}
 c - a scroll of fog {unknown}
 g - a scroll of identify {unknown}
 h - a scroll of vulnerability {unknown}
 i - a scroll of summoning {unknown}
Potions
 a - a potion of might
 j - a potion of attraction {unknown}
 n - a potion of curing {unknown}


   Skills:
 + Level 1.8 Fighting
 + Level 2.5 Dodging
 - Level 1.7 Stealth
 + Level 1.4 Shields
 + Level 2.6 Spellcasting
 + Level 4.4 Conjurations


You had 5 spell levels left.
You knew the following spells:

 Your Spells              Type           Power      Damage    Failure   Level
a - Magic Dart            Conj           100%       1d8       2%          1
b - Searing Ray           Conj           56%        3d5       3%          2

Your spell library contained the following spells:

 Spells                   Type           Power      Damage    Failure   Level
 Dazzling Flash           Conj/Hex       32%        N/A       19%         3
 Fulminant Prism          Conj/Hex       8%         3d7       54%         4
 Iskenderun's Mystic Bla  Conj/Tloc      16%        2d5       54%         4


Dungeon Overview and Level Annotations

Branches:
Dungeon (3/15)

Altars:

Annotations:
D:1 Terence


Innate Abilities, Weirdness & Mutations

Your plain brown scales are hard. (AC +5)
You cannot fit into any form of body armour.
You are cold-blooded and may be slowed by cold attacks.


Message History

Aim: an orc, wielding a +0 hand axe of venom and wearing a +0 leather armour (100% to hit)
The magic dart hits the orc but does no damage.
You hit the orc.
The orc is severely wounded.
The orc hits you with a +0 hand axe!
You closely miss the orc.
The orc is severely wounded.
You closely miss the orc. The orc hits you with a +0 hand axe.
The orc closely misses you.
You barely miss the orc. The orc hits you with a +0 hand axe.
The orc hits you with a +0 hand axe of venom.
You are poisoned.
You hit the orc.
You kill the orc!
You feel very sick.
The orc hits you with a +0 hand axe of venom.
You are more poisoned.
You feel very sick. The orc closely misses you.
You see here a +0 hand axe.
You feel very sick.
You feel sick.
It was a potion of might.
You feel very mighty all of a sudden.
You feel sick.
The orc hits you with a +0 hand axe of venom.
* * * LOW HITPOINT WARNING * * *
You are lethally poisoned!
You puncture the orc!
You kill the orc!
* * * LOW HITPOINT WARNING * * *
You feel very sick.
It was a potion of flight.
You feel very buoyant.
You fly up into the air.
* * * LOW HITPOINT WARNING * * *
You feel very sick.
It was a potion of brilliance.
You feel clever all of a sudden.
You die...

...........##....#
...........##....#
...........##....#
...........##....#
...........###.#.#
#†.........# #.#.#
#..........# #.#.#
#.#........###.#.#
#.##.....).....#@#
#
#..##.####.#####)#
).# ######.# #.#
#)##..).# .##..#.#
#.# #..'....#
#.##†#.# #.#
####....# #..#.#.#
#.# ...# #.#..#.#
#.# ..# #.##.#.#
#.# .### #####
#....†.# #.# #..#.
#....


There were no monsters in sight!

Vanquished Creatures
  Jessica (D:2)
  2 adders (D:3)
  2 worms
  A dart slug (D:2)
  4 orcs (D:3)
  3 ball pythons
  3 bats
  5 endoplasms
  A giant cockroach (D:2)
  3 goblins
  5 hobgoblins
  3 jackals (D:2)
  2 kobolds (D:2)
  2 frilled lizards
  2 rats (D:3)
39 creatures vanquished.

Notes
Turn   | Place    | Note
-------+----------+-------------------------------------------
     0 | D:1      | voltaire321 the Draconian Conjurer began the quest for the
                  | Orb.
     0 | D:1      | Reached XP level 1. HP: 14/14 MP: 3/3
   362 | D:1      | Reached XP level 2. HP: 22/22 MP: 3/5
  1006 | D:2      | Learned a level 2 spell: Searing Ray
  1171 | D:2      | Reached skill level 1 in Fighting
  1506 | D:2      | Noticed Jessica
  1545 | D:2      | Killed Jessica
  1546 | D:2      | Reached skill level 1 in Shields
  1546 | D:2      | Reached XP level 3. HP: 16/28 MP: 1/6
  2014 | D:2      | Noticed Terence
  2653 | D:3      | Reached XP level 4. HP: 35/35 MP: 0/7
  2853 | D:3      | HP: 1/36 [poisoned by an orc]
  2854 | D:3      | Succumbed to an orc's poison

Illustrated notes

Levels and vault maps discovered:
D:1:      amcnicky_arrival_gap_in_the_tavern_cellar, layout_loops_corners
D:2:      layout_basic, uniq_jessica, uniq_terence
D:3:      layout_basic, basic_ecumenical_altar, minmay_cut_off

Skill      XL: |  1  2 |
---------------+-------+-----
Dodging        | 2 |  2.5
Fighting       | 1 |  1.8
Shields        | 1 |  1.4
Stealth        | |  1.7
Spellcasting   | |  2.6
Conjurations   | |  4.4

Action                   |  1- 3 |  4- 6 || total
-------------------------+-------+-------++-------
Melee: Tailslap          |     2 |       ||     2
       Unarmed           |     1 |       ||     1
       Dagger            |    24 |     6 ||    30
 Cast: Magic Dart        |    67 |    10 ||    77
       Searing Ray       |     3 |     1 ||     4
  Use: Potion            |       |     3 ||     3
 Stab: Sleeping          |     1 |       ||     1
Armor: Skin              |     7 |     1 ||     8
Dodge: Dodged            |    16 |     3 ||    19

Table legend: (Time is in decaauts)
 A = Elapsed time spent in this place.
 B = Non-inter-level travel time spent in this place.
 C = Inter-level travel time spent in this place.
 D = Time resting spent in this place.
 E = Time spent auto-exploring this place.
 F = Levels seen in this place.
 G = Mean time per level.
                   A        B        C        D        E       F      G
               +--------+--------+--------+--------+--------+-----+--------+
         Total |   2859 |   2822 |     37 |    707 |   1722 |   3 |  953.0 |
       Dungeon |   2859 |   2822 |     37 |    707 |   1722 |   3 |  953.0 |
               +--------+--------+--------+--------+--------+-----+--------+

Top non-repeatable levels by time:
     D:2: 1432 daAuts
     D:1: 1144 daAuts
     D:3: 283 daAuts
